Map: Fields of Shazir

Players

topkekwillis

  • Race: Terran Terran
  • League: Gold
  • Spawn Location: 3:00

Ryebread

  • Race: Protoss Protoss
  • Spawn Location: 3:00

Clokwerk

  • Race: Protoss Protoss
  • Spawn Location: 5:00

epkellym - Winner!

  • Race: Protoss Protoss
  • Spawn Location: 7:00

BlackNova - Winner!

  • Race: Protoss Protoss
  • Spawn Location: 9:00

Metasapien - Winner!

  • Race: Zerg Zerg
  • League: Platinum
  • Spawn Location: 9:00

VOD

Have the link to the VOD?

Description

Time

  • Played on: Sept. 23, 2017, 7:16 p.m.
  • Length: 11:13
Show
View Real Time Build Order
Export as new Build Order

topkekwillis Terran 

Build Orders: MMM Bio 

Get SALT Encoding   

  12  0:01  SCV  
  13  0:13  SCV  
  14  0:25  SCV  
  15  0:35  Supply Depot  
  15  0:37  Refinery  
  15  0:57  SCV  
  16  1:06  Barracks  
  16  1:09  SCV  
  17  1:25  SCV  
  18  1:37  SCV  
  19  1:50  SCV, Supply Depot  
  19  1:53  Barracks Reactor  
  20  1:57  Barracks  
  20  2:02  SCV  
  20  2:04  Refinery  
  21  2:14  SCV  
  22  2:17  Supply Depot  
  22  2:26  SCV  
  23  2:31  Marine x2  
  25  2:38  SCV  
  26  2:45  Barracks Tech Lab  
  26  2:47  Supply Depot  
  26  2:49  Marine x2  
  28  3:04  Combat Shields, Engineering Bay  
  28  3:07  Marine x2  
  30  3:25  Marine x2  
  30  3:26  Factory  
  32  3:42  Marine  
  32  3:43  Marine  
  32  3:46  Terran Infantry Weapons Level 1  
  33  4:07  Marine x2  
  34  4:20  SCV  
  34  4:24  Stimpack  
  35  4:32  SCV  
  35  4:35  Command Center  
  36  4:46  Marine x2  
  38  4:59  Starport  
  38  5:02  Factory Tech Lab  
  38  5:04  Marine x2  
  40  5:09  Orbital Command  
  33  5:35  SCV  
  34  5:42  Marine  
  35  5:43  Marine  
  35  5:47  SCV  
  37  5:59  SCV  
  37  6:00  Terran Infantry Armor Level 1  
  38  6:06  SCV  
  40  6:11  SCV  
  40  6:12  Starport Reactor  
  40  6:18  SCV  
  41  6:23  SCV  
  42  6:30  SCV  
  43  6:42  SCV  
  43  6:45  Marine  
  43  6:46  Supply Depot, Marine  
  46  6:54  SCV  
  46  6:59  Siege Tank  
  46  7:01  Medivac  
  52  7:03  Marine x2  
  52  7:04  Medivac  
  52  7:06  SCV  
  57  7:18  SCV  
  57  7:21  Marine x2  
  60  7:27  Supply Depot  
  60  7:31  Siege Tank, SCV  
  64  7:38  Medivac x2  
  68  7:48  Barracks Reactor  
  68  7:51  Marine x2  
  68  7:52  SCV  
  71  7:59  Armory  
  71  8:04  SCV  
  72  8:05  Supply Depot  
  65  8:47  Medivac x2  
  64  8:49  Siege Tank  
Show
View Real Time Build Order
Export as new Build Order

Ryebread Protoss 

Build Orders: 1 Gate Expand 

Get SALT Encoding   

  12  0:02  Probe (Chrono Boost)  
  13  0:13  Probe (Chrono Boost)  
  14  0:19  Pylon  
  14  0:23  Probe (Chrono Boost)  
  15  0:37  Probe (Chrono Boost)  
  15  0:40  Gateway  
  16  0:48  Probe (Chrono Boost)  
  17  0:50  Assimilator  
  17  0:58  Probe (Chrono Boost)  
  18  1:09  Probe (Chrono Boost)  
  19  1:25  Probe (Chrono Boost)  
  20  1:27  Cybernetics Core  
  20  1:35  Probe (Chrono Boost)  
  21  1:43  Nexus  
  21  1:51  Pylon  
  21  1:53  Probe (Chrono Boost)  
  22  1:59  Assimilator  
  22  2:03  Probe (Chrono Boost)  
  22  2:06  Warp Gate (Chrono Boost)  
  23  2:13  Stalker  
  25  2:21  Gateway  
  25  2:34  Pylon  
  25  2:48  Gateway  
  25  2:54  Stalker  
  27  3:02  Probe  
  27  3:03  Probe, Gateway  
  29  3:09  Sentry  
  31  3:18  Probe, Pylon  
  31  3:19  Probe  
  33  3:29  Probe  
  33  3:30  Probe  
  35  3:40  Probe  
  35  3:42  Probe  
  35  3:47  Gateway  
  37  3:50  Probe  
  37  3:55  Probe  
  39  4:01  Probe  
  39  4:03  Stalker x2  
  44  4:11  Probe  
  44  4:13  Probe  
  46  4:22  Probe, Forge  
  46  4:24  Assimilator  
  47  4:33  Stalker x2  
  47  4:35  Sentry  
  47  4:38  Probe  
  54  4:39  Pylon  
  54  5:09  Stalker x4  
  60  5:33  Probe  
  60  5:34  Probe  
  62  5:36  Assimilator  
  62  5:42  Gateway  
  62  5:44  Gateway  
  62  5:48  Pylon  
  62  5:49  Pylon  
  62  5:52  Probe  
  62  5:54  Probe  
  58  6:07  Pylon  
  58  6:14  Protoss Ground Weapons Level 1 (Chrono Boost), Stalker x5  
  64  6:34  Probe x2  
  64  6:38  Stalker x4  
  64  6:39  Stalker  
  74  6:46  Probe  
  75  6:56  Stalker x2  
  67  7:21  Stalker x4  
  67  7:22  Stalker x3  
  81  7:31  Twilight Council  
  81  7:34  Pylon  
  81  7:36  Pylon  
  63  7:56  Stalker x6  
  63  7:57  Stalker  
  71  8:26  Photon Cannon  
  71  8:28  Photon Cannon  
  71  8:32  Photon Cannon, Stalker x2  
  71  8:41  Photon Cannon  
  71  8:45  Photon Cannon  
  71  8:47  Photon Cannon  
  71  8:48  Stalker x3  
  63  9:08  Stalker x3  
  63  9:09  Stalker  
  65  9:35  Stalker x6  
  77  9:51  Stalker  
  75  10:11  Stalker  
  75  10:12  Stalker x5  
  71  10:35  Stalker x6  
  79  10:36  Stalker  
Show
View Real Time Build Order
Export as new Build Order

Clokwerk Protoss 

Build Orders:  

Get SALT Encoding   

  12  0:01  Probe (Chrono Boost)  
  13  0:11  Probe (Chrono Boost)  
  14  0:22  Probe (Chrono Boost)  
  14  0:26  Pylon  
  15  0:43  Assimilator  
  15  0:44  Probe (Chrono Boost)  
  16  0:50  Gateway  
  16  0:55  Probe (Chrono Boost)  
  17  1:05  Probe (Chrono Boost)  
  17  1:07  Gateway  
  18  1:38  Cybernetics Core  
  18  1:44  Zealot  
  20  1:49  Probe (Chrono Boost)  
  21  1:58  Zealot  
  23  2:18  Warp Gate  
  23  2:25  Nexus  
  23  2:49  Assimilator  
  23  2:54  Pylon  
  23  3:00  Assimilator  
  23  3:04  Assimilator  
  23  3:11  Pylon  
  28  3:12  Stalker  
  23  3:13  Probe (Chrono Boost)  
  26  3:20  Stalker  
  27  3:37  Probe (Chrono Boost)  
  26  3:47  Probe (Chrono Boost)  
  26  3:55  Probe (Chrono Boost)  
  26  3:58  Probe (Chrono Boost)  
  27  4:05  Probe (Chrono Boost)  
  28  4:16  Probe (Chrono Boost)  
  29  4:19  Stalker  
  31  4:26  Probe (Chrono Boost)  
  31  4:29  Stalker  
  34  4:33  Probe (Chrono Boost)  
  35  4:41  Probe (Chrono Boost)  
  35  4:43  Probe (Chrono Boost)  
  37  4:51  Probe (Chrono Boost)  
  38  4:54  Probe (Chrono Boost)  
  39  5:01  Pylon  
  39  5:11  Probe (Chrono Boost)  
  40  5:22  Probe (Chrono Boost)  
  41  5:32  Probe (Chrono Boost)  
  41  5:34  Stalker  
  41  5:35  Stalker  
  47  5:43  Probe (Chrono Boost)  
  47  5:46  Gateway  
  47  5:49  Gateway  
  47  5:53  Probe (Chrono Boost)  
  47  5:56  Twilight Council  
  48  6:02  Robotics Facility  
  48  6:04  Probe (Chrono Boost)  
  48  6:14  Probe (Chrono Boost)  
  49  6:25  Probe x2 (Chrono Boost)  
  51  6:30  Stalker x2  
  55  6:34  Charge  
  55  6:35  Probe (Chrono Boost)  
  56  6:46  Probe (Chrono Boost)  
  57  6:55  Immortal  
  57  6:56  Probe (Chrono Boost)  
  62  7:15  Pylon  
  62  7:20  Pylon  
  62  7:24  Pylon  
  62  7:33  Probe (Chrono Boost)  
  62  7:34  Immortal  
  67  7:43  Pylon  
  68  7:44  Probe (Chrono Boost)  
  68  7:49  Stalker  
  68  7:50  Stalker x2  
  74  7:55  Probe (Chrono Boost)  
  75  8:03  Forge  
  75  8:13  Immortal  
  64  8:30  Stalker x2  
  64  8:31  Stalker x2  
  59  8:58  Stalker x3  
  59  8:59  Stalker  
  65  9:06  Probe (Chrono Boost)  
  54  9:17  Probe (Chrono Boost)  
  54  9:22  Stalker x2  
  44  9:27  Probe (Chrono Boost)  
  42  9:38  Probe (Chrono Boost)  
  43  9:48  Probe (Chrono Boost)  
  44  9:59  Probe (Chrono Boost)  
  41  10:07  Pylon  
  41  10:09  Probe (Chrono Boost), Pylon  
  41  10:11  Observer  
  43  10:19  Stalker x2  
  43  10:20  Probe (Chrono Boost), Stalker  
  41  10:30  Probe (Chrono Boost)  
  42  10:41  Probe (Chrono Boost)  
  34  10:51  Probe (Chrono Boost)  
  34  10:53  Stalker  
  34  10:54  Stalker x2  
Show
View Real Time Build Order
Export as new Build Order

epkellym Protoss - Winner!

Build Orders:  

Get SALT Encoding   

  12  0:07  Probe (Chrono Boost)  
  13  0:18  Probe (Chrono Boost)  
  14  0:28  Probe (Chrono Boost)  
  14  0:33  Pylon  
  15  0:56  Forge  
  15  1:02  Pylon  
  15  1:03  Probe (Chrono Boost)  
  16  1:13  Probe (Chrono Boost)  
  16  1:15  Assimilator  
  17  1:20  Assimilator  
  17  1:24  Probe (Chrono Boost)  
  18  1:30  Gateway  
  18  1:34  Probe (Chrono Boost)  
  19  1:42  Photon Cannon  
  19  1:45  Probe (Chrono Boost)  
  20  1:55  Probe (Chrono Boost)  
  21  2:06  Probe (Chrono Boost)  
  21  2:08  Photon Cannon  
  22  2:16  Probe (Chrono Boost)  
  23  2:25  Pylon  
  23  2:33  Cybernetics Core  
  23  3:00  Nexus  
  23  3:04  Pylon  
  23  3:17  Stargate  
  23  3:21  Stargate  
  23  3:26  Pylon  
  23  3:30  Mothership Core (Chrono Boost)  
  25  3:45  Assimilator  
  25  3:51  Assimilator  
  25  4:12  Void Ray (Chrono Boost)  
  25  4:13  Void Ray (Chrono Boost)  
  25  4:16  Probe (Chrono Boost)  
  34  4:20  Probe (Chrono Boost)  
  35  4:27  Probe (Chrono Boost)  
  35  4:30  Probe (Chrono Boost)  
  37  4:37  Probe (Chrono Boost)  
  38  4:41  Probe (Chrono Boost)  
  39  4:56  Probe  
  40  5:02  Probe  
  41  5:08  Probe  
  42  5:14  Probe  
  43  5:27  Probe  
  44  5:32  Void Ray (Chrono Boost)  
  44  5:33  Void Ray (Chrono Boost)  
  52  6:10  Void Ray x2 (Chrono Boost)  
  60  6:14  Stargate  
  60  6:17  Pylon  
  60  6:23  Pylon  
  60  6:25  Pylon  
  60  6:29  Probe  
  61  6:41  Probe  
  62  6:53  Probe  
  63  7:05  Probe  
  60  7:17  Probe  
  61  7:33  Void Ray (Chrono Boost)  
  61  7:34  Void Ray (Chrono Boost)  
  61  7:36  Void Ray (Chrono Boost)  
  61  7:59  Protoss Air Weapons Level 1  
  61  8:01  Protoss Shields Level 1  
  61  8:10  Stargate  
  61  8:31  Void Ray x2 (Chrono Boost)  
  73  8:36  Void Ray (Chrono Boost)  
  73  9:09  Void Ray (Chrono Boost)  
  73  9:17  Void Ray (Chrono Boost)  
  65  9:34  Void Ray (Chrono Boost)  
  65  9:36  Void Ray (Chrono Boost)  
  69  9:46  Nexus  
  69  9:51  Void Ray (Chrono Boost)  
  73  9:58  Void Ray (Chrono Boost)  
  81  10:14  Void Ray (Chrono Boost)  
  81  10:16  Void Ray (Chrono Boost)  
  85  10:21  Assimilator  
  85  10:26  Assimilator  
  85  10:28  Pylon  
  85  10:30  Pylon  
  85  10:33  Pylon  
  85  10:35  Void Ray (Chrono Boost)  
Show
View Real Time Build Order
Export as new Build Order

BlackNova Protoss - Winner!

Build Orders: Oracle Opening, Phoenix Opening 

Get SALT Encoding   

  12  0:03  Probe (Chrono Boost)  
  13  0:17  Probe (Chrono Boost)  
  14  0:24  Pylon  
  14  0:30  Probe (Chrono Boost)  
  14  0:34  Assimilator  
  15  0:43  Gateway  
  15  0:47  Probe (Chrono Boost)  
  16  0:58  Probe (Chrono Boost)  
  16  1:00  Assimilator  
  17  1:08  Pylon  
  17  1:14  Probe (Chrono Boost)  
  18  1:27  Pylon  
  18  1:30  Probe (Chrono Boost)  
  18  1:32  Cybernetics Core  
  19  1:46  Pylon  
  19  2:08  Pylon  
  19  2:11  Mothership Core (Chrono Boost)  
  21  2:17  Stargate  
  22  2:30  Probe (Chrono Boost)  
  22  2:36  Pylon  
  22  2:40  Probe (Chrono Boost)  
  23  3:00  Oracle (Chrono Boost)  
  23  3:04  Probe  
  27  3:16  Probe  
  28  3:32  Phoenix (Chrono Boost)  
  30  3:37  Probe  
  31  3:54  Nexus  
  31  4:27  Assimilator  
  31  4:32  Assimilator  
  31  4:34  Fleet Beacon  
  31  5:05  Probe  
  31  5:06  Void Ray (Chrono Boost)  
  36  5:11  Pylon  
  36  5:17  Twilight Council, Probe  
  37  5:29  Probe  
  37  5:33  Gateway  
  37  5:34  Warp Gate (Chrono Boost)  
  38  5:37  Gateway  
  38  5:42  Probe  
  39  5:44  Probe  
  40  5:54  Probe, Pylon  
  40  5:55  Probe  
  42  6:05  Probe  
  43  6:16  Dark Shrine  
  43  6:19  Probe  
  44  6:29  Probe  
  44  6:31  Probe  
  46  6:32  Gateway  
  46  6:35  Pylon  
  46  6:40  Probe  
  46  6:43  Probe  
  48  6:50  Probe  
  49  6:55  Pylon  
  49  7:01  Probe  
  49  7:08  Pylon  
  50  7:22  Pylon  
  50  7:24  Pylon  
  50  7:28  Pylon  
  50  7:48  Dark Templar x3  
  50  7:49  Dark Templar  
  58  7:55  Gateway  
  58  7:57  Gateway  
  58  8:03  Probe  
  51  8:27  Dark Templar x4  
  59  8:45  Probe  
  60  8:56  Probe  
  60  8:59  Nexus  
  61  9:06  Dark Templar x4  
  61  9:07  Probe  
  70  9:17  Probe  
  70  9:21  Pylon  
  68  9:28  Probe  
  69  9:38  Probe  
  69  9:44  Dark Templar  
  69  9:45  Dark Templar x3  
  78  9:48  Pylon  
  78  9:49  Probe  
  79  9:59  Probe  
  79  10:06  Probe  
  81  10:10  Probe  
  81  10:11  Robotics Facility  
  82  10:18  Probe  
  82  10:20  Probe  
  89  10:27  Stargate  
  90  10:30  Probe, Stargate  
  90  10:31  Probe  
  91  10:42  Probe  
  91  10:45  Archon  
  91  10:46  Archon  
  91  10:47  Probe  
  92  10:51  Stalker x4  
  92  10:55  Probe  
  101  10:57  Probe  
  102  11:10  Pylon  
Show
View Real Time Build Order
Export as new Build Order

Metasapien Zerg - Winner!

Build Orders: Hatch First 

Get SALT Encoding   

  12  0:42  Overlord, Drone, Hatchery  
  12  0:45  Drone  
  13  1:35  Drone x3  
  13  1:36  Spawning Pool  
  13  1:39  Extractor  
  14  1:48  Drone  
  15  1:54  Drone  
  15  1:57  Drone  
  17  2:09  Drone  
  17  2:12  Drone  
  19  2:16  Hatchery  
  19  2:20  Drone x2  
  20  2:27  Queen  
  22  2:31  Drone  
  22  2:35  Drone  
  24  2:43  Queen  
  26  2:51  Overlord  
  26  2:56  Overlord  
  26  3:00  Drone  
  26  3:02  Drone  
  28  3:08  Metabolic Boost  
  28  3:13  Drone, Extractor  
  28  3:15  Drone  
  29  3:20  Drone  
  29  3:24  Drone  
  29  3:25  Drone  
  32  3:29  Drone  
  33  3:35  Drone  
  33  3:38  Queen  
  36  3:44  Lair  
  36  3:47  Drone  
  36  3:48  Drone  
  38  3:50  Drone  
  38  3:53  Drone  
  38  3:54  Drone  
  41  4:02  Spine Crawler  
  40  4:05  Drone x2  
  40  4:08  Drone x2  
  40  4:09  Drone  
  45  4:13  Drone x2  
  47  4:25  Roach Warren  
  47  4:26  Drone, Spore Crawler  
  47  4:27  Drone  
  47  4:29  Extractor  
  46  4:32  Drone, Extractor  
  46  4:34  Drone x2  
  46  4:37  Drone  
  46  4:38  Drone  
  50  4:46  Hydralisk Den  
  50  4:50  Overlord x3  
  49  4:56  Overlord x2  
  47  5:08  Zergling x2  
  47  5:09  Zergling x4  
  47  5:12  Overlord  
  47  5:13  Overlord x2  
  50  5:20  Roach x3  
  56  5:21  Roach  
  56  5:22  Spawning Pool  
  56  5:26  Roach  
  55  5:32  Overlord  
  55  5:33  Overlord  
  55  5:39  Overlord  
  55  5:40  Overlord x2  
  49  5:53  Hydralisk x2  
  49  5:54  Roach x2  
  50  6:05  Roach x3  
  50  6:08  Roach x2  
  58  6:14  Spine Crawler  
  58  6:16  Spine Crawler  
  58  6:17  Hydralisk x2  
  58  6:36  Roach  
  58  6:37  Roach x3  
  58  6:42  Spine Crawler  
  58  6:44  Queen  
  58  6:45  Spine Crawler  
  58  6:46  Queen  
  57  6:56  Hydralisk  
  57  6:57  Roach  
  51  7:10  Spine Crawler  
  51  7:12  Roach x2  
  48  7:19  Drone  
  47  7:25  Overseer  
  47  7:32  Queen x2  
  50  7:38  Hydralisk  
  50  7:41  Zergling x8  
  56  7:51  Hydralisk  
  56  7:59  Zergling x2, Roach  
  54  8:11  Roach x2  
  56  8:13  Zergling x12  
  59  8:26  Hydralisk  
  48  8:35  Zergling x6  
  48  8:44  Hydralisk  
  48  8:46  Zergling x6  
  48  8:47  Zergling x2  
  48  8:55  Spine Crawler  
  41  8:57  Spine Crawler  
  41  8:58  Spine Crawler  
  41  8:59  Spine Crawler  
  41  9:00  Spine Crawler  
  41  9:01  Spine Crawler  
  41  9:02  Spine Crawler  
  34  9:03  Zergling x4  
  34  9:07  Zergling x4  
  33  9:21  Hydralisk  
  30  9:32  Zergling x2  
  30  9:37  Zergling x4  
  30  9:38  Zergling x2  
  34  9:46  Zergling x2  
  32  9:53  Queen  
  32  9:57  Zergling x2  
  33  10:06  Zergling x2  
  31  10:11  Zergling x6  
  33  10:22  Zergling x2  
  33  10:25  Spawning Pool  
  32  10:37  Zergling x2  
  33  10:46  Zergling x8  
Tags
 
Add a new tag
Caveats
  • Supply blocks, unpowered buildings, or Contaminate may cause inaccurate times.
  • Supply counts are checked every 10 seconds.